 Dungeon Crawl Stone Soup version 0.30-a0-360-g447f08457e (webtiles) character file.

Game seed: 5855396711865738369

3366 mcwallace the Magician (level 10, -12/66 HPs)
             Began as an Octopode Ice Elementalist on Nov 14, 2022.
             Was a Follower of the Shining One.
             Mangled by a two-headed ogre
             ... wielding a +0 giant club
              (15 damage)
             ... on level 8 of the Dungeon.
             The game lasted 00:32:12 (7007 turns).

mcwallace the Magician (Octopode Ice Elementalist)  Turns: 7007, Time: 00:32:13

Health: -12/66     AC:  8    Str:  8    XL:     10   Next: 3%
Magic:  14/19      EV: 14    Int: 21    God:    the Shining One [*.....]
Gold:   391        SH:  0    Dex: 13    Spells: 4/22 levels left

rFire   . . .      SeeInvis +    w - +1 dagger (speed) {short}
rCold   . . .      Faith    .    (no shield)
rNeg    . . .      Spirit   .    (helmet restricted)
rPois   .          Reflect  .    q - amulet of magic regeneration {@e2}
rElec   .          Harm     .    s - ring of willpower
rCorr   .          Rampage  .    z - ring of wizardry
Will    +....                    I - ring of see invisible
Stlth   ++........               M - ring of flight
HPRegen 0.31/turn                (no ring)
MPRegen 0.56/turn                (no ring)
                                 (no ring)
                                 (no ring)

@: ice-armoured, weakened, freezing walls, flying, glowing
A: almost no armour, amphibious, 8 rings, camouflage 1, gelatinous body 1,
(nimble swimmer 1), tentacles
a: Renounce Religion, Divine Shield


You were on level 8 of the Dungeon.
You worshipped the Shining One.
The Shining One was aware of your devotion.
You visited 2 branches of the dungeon, and saw 9 of its levels.
You also visited: Sewer.

You collected 391 gold pieces.


Innate Abilities, Weirdness & Mutations

You cannot wear most types of armour.
You are amphibious.
You can wear up to eight rings at the same time.
Your skin changes colour to match your surroundings (Stealth+).
Your rubbery body absorbs attacks. (AC +1, EV +1)
((You are camouflaged when in or above water. (Stealth+)))
You have tentacles for arms and can constrict up to eight enemies at once.


   Skills:
 - Level 5.0 Fighting
 - Level 5.0 Dodging
 - Level 2.6 Stealth
 + Level 6.5 Spellcasting
 - Level 5.8 Summonings
 + Level 5.1 Ice Magic
 - Level 5.0 Air Magic
 + Level 5.1 Invocations


You had 4 spell levels left.
You knew the following spells:

 Your Spells              Type           Power      Damage    Failure   Level
a - Freeze                Ice            100%       1d10      1%          1
b - Frozen Ramparts       Ice            56%        1d9       1%          3
c - Ozocubu's Armour      Ice            28%        N/A       1%          3
d - Swiftness             Air            27%        N/A       1%          3
e - Summon Ice Beast      Ice/Summ       29%        N/A       4%          4
f - Airstrike             Air            13%        2d(2-18)  4%          4

Your spell library contained the following spells:

 Spells                   Type           Power      Damage    Failure   Level
 Shock                    Conj/Air       68%        1d7       1%          1
 Ensorcelled Hibernation  Hex/Ice        34%        N/A       1%          2
 Kindle Blastsparks       Fire/Tloc/Air  26%        2d12      6%          3
 Spider Form              Tmut/Pois      6%         N/A       12%         3
 Anguish                  Hex/Necr       3%         N/A       34%         4
 Fulminant Prism          Conj/Hex       3%         3d5       34%         4
 Iskenderun's Mystic Bla  Conj/Tloc      6%         2d4       34%         4
 Lee's Rapid Deconstruct  Erth           3%         3d5*      67%         5
 Ozocubu's Refrigeration  Ice            14%        4d10      97%         7
 Malign Gateway           Summ/Tloc      9%         N/A       100%        7
 Summon Horrible Things   Summ           15%        N/A       100%        8

Inventory:

Hand Weapons
 f - a +0 dagger {short}
   (You found it on level 1 of the Dungeon)
 k - a +0 short sword {short}
   (You took it off a kobold on level 1 of the Dungeon)
 w - a +1 dagger of speed (weapon) {short}
   (You took it off a kobold on level 3 of the Dungeon)
Missiles
 e - 53 stones {throwing}
 j - 11 boomerangs {throwing}
 u - 10 poisoned darts {throwing}
 y - 6 datura-tipped darts {throwing}
 J - a throwing net {=f!fthrowing}
 K - a curare-tipped dart {=fthrowing}
Magical Staves
 G - a staff of fire {!astaff}
   (You found it on level 5 of the Dungeon)
Jewellery
 q - an amulet of magic regeneration (around mantle) {@e2}
   (You found it on level 2 of the Dungeon)
 s - a ring of willpower (left tentacle)
   (You took it off an orc on level 3 of the Dungeon)
 z - a ring of wizardry (right tentacle)
   (You found it on level 4 of the Dungeon)
 I - a ring of see invisible (on tentacle)
   (You found it on level 6 of the Dungeon)
 M - a ring of flight (on tentacle)
   (You found it on level 7 of the Dungeon)
Wands
 B - a wand of iceblast (10)
   (You found it in a sewer)
 E - a wand of paralysis (6)
   (You found it on level 4 of the Dungeon)
Scrolls
 b - 3 scrolls of blinking {unknown}
 i - 4 scrolls of teleportation {@r4}
 m - 2 scrolls of fear {unknown}
 n - 4 scrolls of enchant weapon
 A - 2 scrolls of silence {!r}
 C - a scroll of amnesia {unknown}
 D - a scroll of butterflies {unknown}
 H - a scroll of enchant armour {unknown}
 L - a scroll of brand weapon {unknown}
Potions
 a - 2 potions of magic
 c - a potion of attraction {!q}
 d - 4 potions of mutation {unknown}
 g - 2 potions of ambrosia {unknown}
 h - 8 potions of lignification {!q}
 l - 2 potions of curing {unknown}
 o - 4 potions of degeneration {unknown}
 p - 6 potions of flight
 r - 2 potions of brilliance
 t - a potion of cancellation {unknown}
 v - 2 potions of heal wounds {unknown}
 x - a potion of haste {unknown}
 F - 2 potions of might
 N - 3 potions of berserk rage {unknown}

Dungeon Overview and Level Annotations

Branches:
Dungeon (8/15) Zot: 26974  Temple (1/1) D:4 Zot: 5625   Sewer (visited)
   Lair: D:8-11

Altars:
Ashenzari
Cheibriados
Dithmenos
Fedhas
Hepliaklqana
Kikubaaqudgha
Makhleb
Nemelex Xobeh
Okawaru
Qazlal
Sif Muna
Trog
Uskayaw
Vehumet
Xom
Yredelemnul
Zin
The Shining One

#...... .. ..D..#
.. #....# .##
#.#..##..##
.5..#.... #.F...#
#hF..####
#OY....#...
##@.<.......
##........#..
###............
###..............
#.......##.......
#........###
.#.....
#.......##
##.....
...####### .....
## #.


You could see a two-headed ogre (ally target), an acid dragon, 2 bullfrogs, a
howler monkey (catching breath), a shadow imp and a friendly ice beast
(summoned).


Message History

g - Guard the area. f - Follow me.
Anything else - Cancel.
Gang up on whom?
Press: ? - help, Dir - move target, f - bullfrog
Aim: a bullfrog (asleep, ally target) Attack!
The bullfrog croaks. 😎 MP[+1]
Your ice beast closely misses the bullfrog.
Your ice beast looks weaker.
You hear a croak.
You hear a loud, deep croak!
You hear a shout!
Something shouts, "Back with thee, thou venomed fly-bitten maggot-pie!"
You hear a howl!
You hear two shouts! 😎 MP[+1]
You hit the bullfrog. Your grab misses the bullfrog. You squeeze the bullfrog.
The bullfrog hits you. 😕 HP[-1]
You take 1 damage, and now have 65/66 hp.
You hit the bullfrog. Your grab misses the bullfrog. The bullfrog hits you!
Your ice beast completely misses the bullfrog.
A gnoll bouda comes into view.
It is wielding a +0 whip. 😕 HP[-7] MP[+1]
You take 7 damage, and now have 58/66 hp.
Your mp is fully restored (19).
You hit the bullfrog. You grab the bullfrog. You constrict the bullfrog.
Your ice beast is no longer weakened.
The bullfrog hits you!
Your ice beast hits the bullfrog.
Your ice beast freezes the bullfrog.
The bullfrog seems to slow down.
The bullfrog dies! 😕 HP[-7]
You take 7 damage, and now have 51/66 hp.
Your ice beast hits the gnoll bouda.
Your ice beast freezes the gnoll bouda!
The gnoll bouda misses you.
You hit the gnoll bouda but do no damage.
Your grab misses the gnoll bouda. You squeeze the gnoll bouda. 😕 HP[+1]
You hit the gnoll bouda but do no damage.
You grab the gnoll bouda.
You constrict the gnoll bouda, but do no damage.
Your ice beast hits the gnoll bouda but does no damage.
The gnoll bouda hits your ice beast with a +0 whip.
You hit the gnoll bouda but do no damage.
You squeeze the gnoll bouda.
You constrict the gnoll bouda, but do no damage.
Your ice beast hits the gnoll bouda but does no damage.
The gnoll bouda barely misses your ice beast.
You hit the gnoll bouda.
You kill the gnoll bouda!
The Shining One accepts your kill.
A shadow imp and a two-headed ogre come into view.
The shadow imp shouts, "Relinquish hope, thou bumbling ditch-delivered wastrel!"
The two-headed ogre shouts in stereo!
A bullfrog comes into view.
The shadow imp moves out of view.
Things that are here:
a +0 whip {mace}; a +0 leather armour; a gnoll corpse 😕 HP[+1]
A howler monkey comes into view.
Your ice beast hits the two-headed ogre but does no damage.
A gnoll bouda comes into view. It is wielding a +0 club.
Things that are here:
a +0 whip {mace}; a +0 leather armour; a gnoll corpse
Casting: Summon Ice Beast (dangerous; 4% risk of failure)
Confirm with . or Enter, or press ? or * to list all spells.
Casting: Frozen Ramparts (safe; 1% risk of failure)
Press: ? - help, Dir - look around, f - activate This square is lit by a halo.
The walls around you are covered in ice.
A bullfrog comes into view.
Your ice beast hits the two-headed ogre.
Your ice beast freezes the two-headed ogre!
The wall freezes the two-headed ogre.
The two-headed ogre hits you with a +0 giant club!!
* * * LOW HITPOINT WARNING * * *
The two-headed ogre barely misses you.
The wall freezes the bullfrog.
The bullfrog hits your ice beast but does no damage.
The howler monkey hoots and howls with incredible vigour!
You hear a shout!
You hear an angry buzzing noise.
You hear a shout! x3
You hear an angry buzzing noise.
You hear a shout!
You hear an angry buzzing noise.
You hear a shout!
You hear an angry buzzing noise.
You hear a shout! x3 😨 HP[-24] MP[-3]
You take 24 damage, and now have 29/66 hp.
MASSIVE DAMAGE!! (PAUSE)
You lost 3 mp, and now have 16/19 mp.
Casting: Frozen Ramparts (safe; 1% risk of failure)
Confirm with . or Enter, or press ? or * to list all spells.
A film of ice covers your body!
The wall freezes the bullfrog.
The bullfrog seems to slow down.
The bullfrog hits your ice beast.
Your ice beast hits the two-headed ogre.
Your ice beast freezes the two-headed ogre.
The gnoll bouda gazes fiercely through you!
You feel your attacks grow feeble.
An acid dragon comes into view.
The wall freezes the two-headed ogre.
The two-headed ogre hits you with a +0 giant club!!
* * * LOW HITPOINT WARNING * * *
The two-headed ogre hits you with a +0 giant club!
You die...

Skill      XL: |  1  2  3  4  5  6  7  8  9 |
---------------+----------------------------+-----
Dodging        | 3 4 5 |  5.0
Air Magic      | 1 2 3 4 5 |  5.0
Spellcasting   | 3 4 5 6 |  6.5
Ice Magic      | 5 |  5.1
Fighting       | 1 2 4 5 |  5.0
Summonings     | 1 2 4 5 |  5.8
Invocations    | 2 5 |  5.1
Stealth        | |  2.6

Action                   |  1- 3 |  4- 6 |  7- 9 | 10-12 || total
-------------------------+-------+-------+-------+-------++-------
Melee: Unarmed           |     6 |       |       |       ||     6
       Constrict         |    16 |    20 |    52 |     2 ||    90
       Tentacles         |    13 |    25 |    85 |     3 ||   126
       Dagger            |    38 |    78 |   278 |     7 ||   401
       Punch             |       |     1 |     2 |       ||     3
 Cast: Freeze            |    19 |       |       |       ||    19
       Frozen Ramparts   |     5 |    15 |    41 |     1 ||    62
       Ozocubu's Armour  |       |    10 |    28 |     1 ||    39
       Summon Ice Beast  |       |       |    15 |     1 ||    16
       Airstrike         |       |       |     9 |       ||     9
       Swiftness         |       |       |     1 |       ||     1
  Use: Scroll            |       |       |     6 |       ||     6
 Stab: Sleeping          |     5 |     1 |     6 |       ||    12
Armor: Skin              |     6 |    24 |    42 |       ||    72
Dodge: Dodged            |    36 |    50 |   142 |     2 ||   230

Levels and vault maps discovered:
D:1:      ebering_trefoil_3fold, layout_basic, minivault_24
D:2:      layout_loops_ring, basic_altar
D:3:      layout_rooms, uniq_natasha
D:4:      minmay_spotlight, layout_loops_ring, minmay_temple_entry_butterflies,
          ebering_ghost_reflecting_pool, cheibrodos_sewer_entry_drain
D:5:      layout_rooms
D:6:      layout_rooms, nicolae_uskayaw_dance_studio, kennysheep_big_empty_room
D:7:      kennysheep_steamy, layout_basic, lemuel_crystal_altar, uniq_duvessa
D:8:      layout_cave_pools, minmay_ruined_shrine
Temple:   minmay_temple_bridge_d

Notes
Turn   | Place    | Note
-------+----------+-------------------------------------------
     0 | D:1      | mcwallace the Octopode Ice Elementalist began the quest for
                  | the Orb.
     0 | D:1      | Reached XP level 1. HP: 11/11 MP: 3/3
     0 | D:1      | magus.rc [v1.9.6]
   119 | D:1      | Reached XP level 2. HP: 17/17 MP: 3/5
   835 | D:2      | Reached XP level 3. HP: 19/21 MP: 2/6
   839 | D:2      | Learned a level 3 spell: Frozen Ramparts
  1051 | D:2      | You pick up a book of Air and begin reading...
  1051 | D:2      | You add the spells Shock, Swiftness and Airstrike to your
                  | library.
  1269 | D:2      | Found a glowing silver altar of Zin.
  1289 | D:2      | Reached XP level 4. HP: 26/27 MP: 2/8
  1297 | D:2      | Learned a level 3 spell: Ozocubu's Armour
  1696 | D:3      | Reached skill level 3 in Dodging
  1789 | D:3      | Reached skill level 1 in Air Magic
  1800 | D:3      | Reached skill level 3 in Spellcasting
  1830 | D:3      | HP: 5/27 [something (4)]
  1833 | D:3      | Reached XP level 5. HP: 5/31 MP: 3/9
  1977 | D:3      | You pick up a book of Blasting and begin reading...
  1977 | D:3      | You add the spells Kindle Blastsparks, Fulminant Prism,
                  | Iskenderun's Mystic Blast and Lee's Rapid Deconstruction to
                  | your library.
  2003 | D:3      | Reached skill level 5 in Ice Magic
  2136 | D:3      | You add the spells Malign Gateway and Summon Horrible
                  | Things to your library.
  2153 | D:3      | Reached XP level 6. HP: 37/37 MP: 8/11
  2174 | D:3      | Noticed Natasha
  2182 | D:3      | Killed Natasha
  2183 | D:3      | Reached skill level 2 in Air Magic
  2311 | D:3      | Noticed Natasha
  2324 | D:3      | Killed Natasha
  2399 | D:3      | Noticed Natasha
  2404 | D:3      | Killed Natasha
  2405 | D:3      | Reached skill level 1 in Fighting
  2405 | D:3      | Reached skill level 1 in Summonings
  2450 | D:4      | Reached skill level 4 in Dodging
  2450 | D:4      | Reached XP level 7. HP: 43/43 MP: 10/12
  2567 | D:4      | Found a glowing drain.
  2579 | D:4      | Learned a level 3 spell: Swiftness
  2595 | Sewer    | Entered a sewer
  2635 | Sewer    | Reached skill level 2 in Fighting
  2711 | Sewer    | Reached skill level 2 in Summonings
  2876 | Sewer    | Reached skill level 4 in Spellcasting
  3165 | D:4      | Found a runed translucent door.
  3171 | D:4      | Noticed LnG's ghost (amateur KoSu)
  3184 | D:4      | Reached skill level 3 in Air Magic
  3281 | D:4      | Reached XP level 8. HP: 32/51 MP: 9/14
  3554 | D:4      | You pick up a book of Dreams and begin reading...
  3554 | D:4      | You add the spells Ensorcelled Hibernation, Spider Form and
                  | Anguish to your library.
  3913 | D:4      | Found a staircase to the Ecumenical Temple.
  3919 | Temple   | Entered the Ecumenical Temple
  4221 | Temple   | Became a worshipper of the Shining One
  4373 | D:4      | Learned a level 4 spell: Summon Ice Beast
  4377 | D:4      | Killed LnG's ghost
  4378 | D:4      | Reached skill level 3 in Fighting
  4378 | D:4      | Reached skill level 3 in Summonings
  4460 | D:5      | Entered Level 5 of the Dungeon
  4487 | D:5      | Reached skill level 5 in Dodging
  4552 | D:5      | Reached skill level 4 in Air Magic
  4712 | D:5      | Reached skill level 1 in Invocations
  5213 | D:6      | Reached skill level 5 in Spellcasting
  5213 | D:6      | Reached skill level 2 in Invocations
  5367 | D:6      | Reached skill level 4 in Fighting
  5367 | D:6      | Reached skill level 4 in Summonings
  5367 | D:6      | Reached XP level 9. HP: 57/58 MP: 12/16
  5372 | D:6      | Learned a level 4 spell: Airstrike
  5814 | D:6      | Reached * piety under the Shining One
  5816 | D:6      | Reached skill level 3 in Invocations
  5938 | D:6      | Found a hide-covered altar of Uskayaw.
  5956 | D:6      | Reached skill level 5 in Air Magic
  6111 | D:7      | Reached skill level 5 in Fighting
  6111 | D:7      | Reached skill level 5 in Summonings
  6152 | D:7      | Found a snail-covered altar of Cheibriados.
  6246 | D:7      | Reached skill level 4 in Invocations
  6339 | D:7      | Reached skill level 6 in Spellcasting
  6826 | D:7      | Noticed Dowan
  6828 | D:7      | Noticed Duvessa
  6833 | D:7      | Killed Dowan
  6841 | D:7      | Killed Duvessa
  6842 | D:7      | Reached skill level 5 in Invocations
  6842 | D:7      | Reached XP level 10. HP: 66/66 MP: 8/19
  7003 | D:8      | Noticed a two-headed ogre
  7007 | D:8      | HP: 3/66 [two-headed ogre/+0 giant club (27)]
  7007 | D:8      | Mangled by a two-headed ogre

Vanquished Creatures
  A shadow (D:7)
  2 steam dragons (D:7)
  The ghost of LnG the Caller, an amateur KoSu of Dithmenos (D:4)
  2 water moccasins
  Duvessa (D:7)
  2 ice beasts (D:6)
  An orc warrior (D:7)
  2 black bears
  2 centaurs (D:7)
  An ogre (D:6)
  A kobold brigand (D:6)
  3 necrophages (D:4)
  A scorpion (D:4)
  Dowan (D:7)
  2 howler monkeys (D:7)
  4 orc priests
  3 hounds
  A gnoll bouda (D:8)
  5 iguanas
  8 orc wizards
  Natasha (thrice) (D:3)
  A merfolk avatar (Sewer)
  A merfolk siren (Sewer)
  9 gnolls
  3 river rats (Sewer)
  9 adders
  A shadow imp (D:7)
  2 ufetubi
  2 worms
  A dart slug (D:2)
  24 orcs
  5 bats
  7 endoplasms
  3 giant cockroaches (D:2)
  7 goblins
  5 hobgoblins
  14 kobolds
  5 quokkas
  14 ball pythons
  10 frilled lizards
  22 rats
192 creatures vanquished.

Vanquished Creatures (collateral kills)
  A centaur (D:6)
  A bullfrog (D:8)
  A necrophage (D:5)
  A gnoll bouda (D:6)
  A hound (D:5)
  An iguana (D:5)
  An orc wizard (D:6)
  3 gnolls (D:6)
  An adder (D:5)
  6 orcs
17 creatures vanquished.

Grand Total: 209 creatures vanquished

Table legend:
 A = Non-vault XP
 B = Vault XP
 C = Vault XP percentage of total XP
 D = Non-vault monster count
 E = Vault monster count
 F = Vault count percentage of total count
                 A         B        C        D         E       F
            +---------+---------+-------+---------+---------+-------
      Total |    3707 |    1102 |  22.9 |     152 |      57 |  27.3
            +---------+---------+-------+---------+---------+-------
        D:1 |      28 |       0 |   0.0 |      17 |       0 |   0.0
        D:2 |      64 |       0 |   0.0 |      20 |       0 |   0.0
        D:3 |     353 |      33 |   8.5 |      28 |       1 |   3.4
        D:4 |     733 |     199 |  21.4 |      28 |       6 |  17.6
        D:5 |     435 |       0 |   0.0 |      13 |       0 |   0.0
        D:6 |    1036 |     109 |   9.5 |      26 |       7 |  21.2
        D:7 |     970 |     563 |  36.7 |      19 |       4 |  17.4
        D:8 |      88 |      42 |  32.3 |       1 |       1 |  50.0
      Sewer |       0 |     156 | 100.0 |       0 |      38 | 100.0
            +---------+---------+-------+---------+---------+-------

Illustrated notes

Table legend:
 A = Kills in this place as a percentage of kills in entire the game.
 B = Kills by you in this place as a percentage of kills by you in the entire game.
 C = Kills by friends in this place as a percentage of kills by friends in the entire game.
 D = Other kills in this place as a percentage of other kills in the entire game.
 E = Experience gained in this place as a percentage of experience gained in the entire game.
 F = Experience gained in this place divided by the number of levels of this place that you have seen.
                   A       B       C       D       E      F
               +-------+-------+-------+-------+-------+----------------------
         Total | 100.0 | 100.0 | 100.0 |   N/A | 100.0 | 480.9
       Dungeon |  81.8 |  80.2 | 100.0 |   N/A |  96.8 | 581.6
         Sewer |  18.2 |  19.8 |   0.0 |   N/A |   3.2 | 156.0
               +-------+-------+-------+-------+-------+----------------------

Table legend: (Time is in decaauts)
 A = Elapsed time spent in this place.
 B = Non-inter-level travel time spent in this place.
 C = Inter-level travel time spent in this place.
 D = Time resting spent in this place.
 E = Time spent auto-exploring this place.
 F = Levels seen in this place.
 G = Mean time per level.
                   A        B        C        D        E       F      G
               +--------+--------+--------+--------+--------+-----+--------+
         Total |   6904 |   6506 |    398 |    113 |   4755 |  10 |  690.4 |
       Dungeon |   6005 |   5752 |    253 |    113 |   4272 |   8 |  750.6 |
        Temple |    374 |    229 |    145 |      0 |    213 |   1 |  374.0 |
         Sewer |    524 |    524 |      0 |      0 |    270 |   1 |  524.0 |
               +--------+--------+--------+--------+--------+-----+--------+

Top non-repeatable levels by time:
     D:4: 1089 daAuts
     D:7: 978 daAuts
     D:2: 906 daAuts
     D:6: 857 daAuts
     D:3: 766 daAuts
     D:1: 752 daAuts
     D:5: 630 daAuts
   Sewer: 524 daAuts
  Temple: 374 daAuts
     D:8: 24 daAuts
